 Dungeon Crawl Stone Soup version 0.25.1-2-g60ff931df9 (webtiles) character file.

Game seed: 12428322409445972734

98 DogServant the Magician (level 4, -1/24 HPs)
             Began as a Deep Elf Fire Elementalist on Oct 22, 2020.
             Slain by an orc wizard
             ... wielding a +0 dagger
              (3 damage)
             ... on level 3 of the Dungeon.
             The game lasted 00:02:38 (2581 turns).

DogServant the Magician (DEFE)                      Turns: 2581, Time: 00:02:39

Health: -1/24      AC:  2    Str:  5    XL:     4   Next: 43%
Magic:  7/12       EV: 13    Int: 21    God:
Gold:   130        SH:  0    Dex: 15    Spells: 10/11 levels left

rFire    . . .     SeeInvis .   i - +0 whip (curse)
rCold    . . .     Gourm    .   (no shield)
rNeg     . . .     Faith    .   a - +0 robe
rPois    .         Spirit   .   (no helmet)
rElec    .         Reflect  .   (no cloak)
rCorr    .         Harm     .   (no gloves)
MR       .....                  (no boots)
Stlth    ++........             (no amulet)
HPRegen  0.08/turn              (no ring)
MPRegen  0.13/turn              (no ring)

@: lethally poisoned (-1 -> -2)
A: no striking features
a: no special abilities


You were on level 3 of the Dungeon.
You were not hungry.

You visited 1 branch of the dungeon, and saw 3 of its levels.

You collected 130 gold pieces.

Inventory:

Hand Weapons
 i - a cursed +0 whip (weapon)
Armour
 a - a +0 robe (worn)
Jewellery
 g - an uncursed amulet of magic regeneration
 l - an uncursed ring of resist corrosion {unknown}
Scrolls
 b - a scroll of enchant weapon {unknown}
 d - a scroll of remove curse {unknown}
 e - a scroll of teleportation {unknown}
 h - a scroll of enchant armour {unknown}
 k - a scroll of amnesia {unknown}
 n - a scroll of fog {unknown}
Potions
 f - a potion of magic {unknown}
 j - a potion of curing {unknown}
 m - a potion of ambrosia {unknown}
Comestibles
 c - 7 rations
 o - 3 chunks of flesh


   Skills:
 - Level 2.4 Dodging
 - Level 2.4 Stealth
 + Level 4.4 Spellcasting
 + Level 2.7 Conjurations
 + Level 4.3 Fire Magic


You had 10 spell levels left.
You knew the following spells:

 Your Spells              Type           Power        Failure   Level  Hunger
a - Foxfire               Conj/Fire      ###.         2%          1    None

Your spell library contained the following spells:

 Spells                   Type           Power        Failure   Level  Hunger
 Conjure Flame            Conj/Fire      ###.....     9%          3    ##.....
 Inner Flame              Hex/Fire       ##......     14%         3    ##.....
 Sticky Flame             Conj/Fire      ###.....     26%         4    ####...
 Fireball                 Conj/Fire      ###.......   58%         5    ######.


Dungeon Overview and Level Annotations

Branches:
Dungeon (3/15)

Altars:


Message History

Casting: Foxfire (safe; 2% risk of failure)
Confirm with . or Enter, or press ? or * to list all spells.
You conjure some foxfire!
The foxfire hits something.
The foxfire hits something but does no damage.
Casting: Foxfire (safe; 2% risk of failure)
Confirm with . or Enter, or press ? or * to list all spells.
You conjure some foxfire!
You feel sick. Something hits you.
The foxfire hits something but does no damage.
The foxfire hits something!
Something barely misses you.
Unknown command.
You barely miss something.
You hear some strange, mumbled words.
A puff of flame appears from out of thin air!
The puff of flame hits you!
* * * LOW HITPOINT WARNING * * *
You completely miss something.
* * * LOW HITPOINT WARNING * * *
You feel sick. Something hits you.
You die...

############## #............#
#.##########.# ####.# ######.###
.....# #......÷.## ###
.....#####.####.).÷### #..
##..............@{...##########.#
#............#.)..#......o.....#
##..#####.##.#.#.###############
###.........#.#.#.#
.............#..#.#
###.........###.#.# #.......).#
##..# ###.........###.#.#
........(....#.##.#


There were no monsters in sight!

Vanquished Creatures
  3 adders
  2 oozes
  A worm (D:3)
  4 dart slugs
  3 orcs (D:3)
  3 giant cockroaches
  2 goblins
  4 hobgoblins
  6 jackals
  A quokka (D:2)
  A ball python (D:1)
  6 bats
  A frilled lizard (D:1)
  5 kobolds
  4 rats
46 creatures vanquished.

Vanquished Creatures (others)
  171 foxfires
171 creatures vanquished.

Grand Total: 217 creatures vanquished

Notes
Turn   | Place    | Note
-------+----------+-------------------------------------------
     0 | D:1      | DogServant the Deep Elf Fire Elementalist began the quest
                  | for the Orb.
     0 | D:1      | Reached XP level 1. HP: 10/10 MP: 6/6
   337 | D:1      | Reached XP level 2. HP: 15/15 MP: 6/8
  1135 | D:2      | Found a faded altar of an unknown god.
  1154 | D:2      | Reached XP level 3. HP: 7/19 MP: 5/10
  1921 | D:2      | Reached XP level 4. HP: 21/24 MP: 3/12
  2581 | D:3      | Slain by an orc wizard

Illustrated notes

Levels and vault maps discovered:
D:1:      minmay_arrival_floating_metal, layout_basic
D:2:      layout_loops_ring, chequers_ecumenical_altar_twisty, first_ration
D:3:      minmay_wonky_spiral, layout_loops_ring, nicolae_ru_path_of_blood,
          grunt_ministairs_3

Skill      XL: |  1  2  3 |
---------------+----------+-----
Conjurations   | 2 |  2.7
Spellcasting   | 4 |  4.4
Fire Magic     | 4 |  4.3
Dodging        | |  2.4
Stealth        | |  2.4

Action                   |  1- 3 |  4- 6 || total
-------------------------+-------+-------++-------
Melee: Whip              |       |     2 ||     2
 Cast: Foxfire           |    86 |    32 ||   118
  Eat: Chunk             |     3 |     2 ||     5
Armor: Robe              |    14 |       ||    14
Dodge: Dodged            |    38 |     5 ||    43
